TOP OF THE 1ST |
Nassau Rockets batting - Pitching for Orlando Calrissian : LHP Mike Murray
|
Pitching: LHP Mike Murray
|
|
Batting: SHB Howard Parker
|
0-0: Ball 1-0: SINGLE (Groundball, 34D)
|
Batting: RHB Francisco Rincón
|
0-0: DOUBLE (Line Drive, 9M) Howard Parker to third
|
Batting: LHB Andrew Alvarado
|
0-0: Called Strike 0-1: Ball 1-1: Foul Ball, location: 2F 1-2: Strikes out looking
|
Batting: LHB Doug Thompson
|
0-0: Foul Ball, location: 2F 0-1: Ball 1-1: Fly out, F8 (Flyball, 8LM) Runner from 3rd tags up, SCORES, throw made
|
Batting: LHB Don Ramey
|
0-0: Swinging Strike 0-1: Foul Ball, location: 2F 0-2: Ball 1-2: Ball 2-2: Ground out 4-3 (Groundball, 34)
|
Top of the 1st over - 1 run(s), 2 hit(s), 0 error(s), 1 left on base; Nassau 1 - Orlando 0 |
BOTTOM OF THE 1ST |
Orlando Calrissian batting - Pitching for Nassau Rockets : RHP Chris Marshall
|
Pitching: RHP Chris Marshall
|
|
Batting: LHB Danny Allen
|
0-0: Called Strike 0-1: Fly out, F9 (Flyball, 89M)
|
Batting: RHB Frederico Hernández
|
0-0: Called Strike 0-1: Ball 1-1: Swinging Strike 1-2: Strikes out swinging
|
Batting: LHB Santiago Márquez
|
0-0: Ball 1-0: Ball 2-0: Called Strike 2-1: Foul Ball, location: 2F 2-2: Foul Ball, location: 2F 2-2: Foul Ball, location: 2F 2-2: Foul Ball, location: 2F 2-2: Fly out, F8 (Flyball, 8LS)
|
Bottom of the 1st over - 0 run(s), 0 hit(s), 0 error(s), 0 left on base; Nassau 1 - Orlando 0 |
TOP OF THE 2ND |
Nassau Rockets batting - Pitching for Orlando Calrissian : LHP Mike Murray
|
Batting: RHB José Hernández
|
0-0: Ball 1-0: Swinging Strike 1-1: Called Strike 1-2: Ball 2-2: Ball 3-2: Foul Ball, location: 2F 3-2: Foul Ball, location: 2F 3-2: Base on Balls
|
Batting: RHB Yaichiro Sugahara
|
0-0: Called Strike 0-1: Ball 1-1: Ball 2-1: Ball 3-1: Called Strike 3-2: Fly out, F4 (Popup, 4D)
|
Batting: RHB Pete Harvey
|
0-0: Foul Ball, location: 2F 0-1: Ball 1-1: Foul Ball, location: 2F 1-2: Strikes out looking
|
Batting: LHB Rafael Delgado
|
0-0: Foul Ball, location: 2F 0-1: Ball 1-1: SINGLE (Groundball, 4MD) José Hernández to second
|
Batting: SHB Howard Parker
|
0-0: Ball 1-0: Ball 2-0: Ball 3-0: Base on Balls José Hernández to third Rafael Delgado to second
|
Batting: RHB Francisco Rincón
|
0-0: Foul Ball, location: 2F 0-1: Called Strike 0-2: Foul Ball, location: 2F 0-2: Strikes out looking
|
Top of the 2nd over - 0 run(s), 1 hit(s), 0 error(s), 3 left on base; Nassau 1 - Orlando 0 |
BOTTOM OF THE 2ND |
Orlando Calrissian batting - Pitching for Nassau Rockets : RHP Chris Marshall
|
Batting: RHB Rich Anderson
|
0-0: Called Strike 0-1: Foul Ball, location: 2F 0-2: Ball 1-2: Ball 2-2: Ball 3-2: SOLO HOME RUN (Line Drive, 7D), Distance : 448 ft
|
Batting: RHB Ernesto Acosta
|
0-0: Ball 1-0: Ball 2-0: Called Strike 2-1: Fly out, F7 (Flyball, 7M)
|
Batting: RHB Enrique Ramírez
|
0-0: Ball 1-0: Ball 2-0: Called Strike 2-1: Foul Ball, location: 2F 2-2: Fly out, F8 (Flyball, 8LS)
|
Batting: RHB Kenny Cole
|
0-0: Ball 1-0: Called Strike 1-1: Foul Ball, location: 2F 1-2: Strikes out looking
|
Bottom of the 2nd over - 1 run(s), 1 hit(s), 0 error(s), 0 left on base; Nassau 1 - Orlando 1 |
TOP OF THE 3RD |
Nassau Rockets batting - Pitching for Orlando Calrissian : LHP Mike Murray
|
Batting: LHB Andrew Alvarado
|
0-0: Called Strike 0-1: Foul Ball, location: 2F 0-2: Ball 1-2: Ball 2-2: Strikes out swinging
|
Batting: LHB Doug Thompson
|
0-0: Ball 1-0: Ground out 4-3 (Groundball, 4)
|
Batting: LHB Don Ramey
|
0-0: Called Strike 0-1: SINGLE (Groundball, 6M)
|
Batting: RHB José Hernández
|
0-0: Called Strike 0-1: Ball 1-1: SINGLE (Popup, 56D) Don Ramey to second
|
Batting: RHB Yaichiro Sugahara
|
0-0: Called Strike 0-1: Ball 1-1: Called Strike 1-2: Ball 2-2: Ball 3-2: Base on Balls Don Ramey to third José Hernández to second
|
Batting: RHB Pete Harvey
|
0-0: GRAND SLAM HOME RUN (Line Drive, 78XD), Distance : 418 ft
|
Batting: LHB Rafael Delgado
|
0-0: Ball 1-0: Ball 2-0: Ball 3-0: Called Strike 3-1: SINGLE (Line Drive, 6D)
|
Batting: SHB Howard Parker
|
0-0: Ball 1-0: Called Strike 1-1: Foul Ball, location: 2F 1-2: Ball 2-2: Ground out U3 (Groundball, 3S)
|
Top of the 3rd over - 4 run(s), 4 hit(s), 0 error(s), 1 left on base; Nassau 5 - Orlando 1 |
BOTTOM OF THE 3RD |
Orlando Calrissian batting - Pitching for Nassau Rockets : RHP Chris Marshall
|
Batting: RHB Enrique Bermúdez
|
0-0: Fly out, F8 (Line Drive, 8RM)
|
Batting: RHB Robby Lewis
|
0-0: Ball 1-0: SOLO HOME RUN (Flyball, 78XD), Distance : 402 ft
|
Batting: LHB Danny Allen
|
0-0: Ball 1-0: Swinging Strike 1-1: SOLO HOME RUN (Line Drive, 9D), Distance : 389 ft
|
Pitching: RHP Colm Stewart
|
|
Batting: RHB Frederico Hernández
|
0-0: Called Strike 0-1: Ball 1-1: Ball 2-1: Ball 3-1: Base on Balls
|
Batting: LHB Santiago Márquez
|
0-0: Ball 1-0: Ball 2-0: Ball 3-0: Swinging Strike 3-1: Base on Balls Frederico Hernández to second
|
Batting: RHB Rich Anderson
|
0-0: Ball 1-0: Ball 2-0: Foul Ball, location: 2F 2-1: Called Strike 2-2: Ball 3-2: Base on Balls Frederico Hernández to third Santiago Márquez to second
|
Batting: RHB Ernesto Acosta
|
0-0: Ball 1-0: Foul Ball, location: 2F 1-1: Ball 2-1: Ball 3-1: Called Strike 3-2: Foul Ball, location: 2F 3-2: Fly out, F8 (Flyball, 78D) Runner from 3rd tags up, SCORES, no throw
|
Batting: RHB Enrique Ramírez
|
0-0: Called Strike 0-1: Called Strike 0-2: Ball 1-2: Ball 2-2: Strikes out looking
|
Bottom of the 3rd over - 3 run(s), 2 hit(s), 0 error(s), 2 left on base; Nassau 5 - Orlando 4 |
TOP OF THE 4TH |
Nassau Rockets batting - Pitching for Orlando Calrissian : LHP Mike Murray
|
Batting: RHB Francisco Rincón
|
0-0: Fly out, F6 (Line Drive, 6)
|
Batting: LHB Andrew Alvarado
|
0-0: Ball 1-0: Foul Ball, location: 2F 1-1: Ball 2-1: Swinging Strike 2-2: Ground out 6-3 (Groundball, 6)
|
Batting: LHB Doug Thompson
|
0-0: Called Strike 0-1: Fly out, F6 (Popup, 6MD)
|
Top of the 4th over - 0 run(s), 0 hit(s), 0 error(s), 0 left on base; Nassau 5 - Orlando 4 |
BOTTOM OF THE 4TH |
Orlando Calrissian batting - Pitching for Nassau Rockets : RHP Colm Stewart
|
Batting: RHB Kenny Cole
|
0-0: Ground out 5-3 (Groundball, 56)
|
Batting: RHB Enrique Bermúdez
|
0-0: Called Strike 0-1: Foul Ball, location: 2F 0-2: Ball 1-2: Strikes out swinging
|
Batting: RHB Robby Lewis
|
0-0: Called Strike 0-1: Ball 1-1: Ball 2-1: Foul Ball, location: 2F 2-2: Ball 3-2: Fly out, F4 (Popup, 6MD)
|
Bottom of the 4th over - 0 run(s), 0 hit(s), 0 error(s), 0 left on base; Nassau 5 - Orlando 4 |
TOP OF THE 5TH |
Nassau Rockets batting - Pitching for Orlando Calrissian : LHP Mike Murray
|
Pitching: RHP Bernardo Hernández
|
|
Batting: LHB Don Ramey
|
0-0: Called Strike 0-1: Foul Ball, location: 2F 0-2: Strikes out looking
|
Batting: RHB José Hernández
|
0-0: Ground out 6-3 (Groundball, 6M)
|
Batting: RHB Yaichiro Sugahara
|
0-0: Called Strike 0-1: Swinging Strike 0-2: Strikes out swinging
|
Top of the 5th over - 0 run(s), 0 hit(s), 0 error(s), 0 left on base; Nassau 5 - Orlando 4 |
BOTTOM OF THE 5TH |
Orlando Calrissian batting - Pitching for Nassau Rockets : RHP Colm Stewart
|
Batting: LHB Danny Allen
|
0-0: Called Strike 0-1: Swinging Strike 0-2: Ball 1-2: Ground out 6-3 (Groundball, 6)
|
Batting: RHB Frederico Hernández
|
0-0: Ball 1-0: Foul Ball, location: 2F 1-1: Swinging Strike 1-2: Fly out, F8 (Flyball, 8LD)
|
Batting: LHB Santiago Márquez
|
0-0: Ball 1-0: Ball 2-0: Swinging Strike 2-1: Foul Ball, location: 2F 2-2: Ground out 4-3 (Groundball, 4)
|
Bottom of the 5th over - 0 run(s), 0 hit(s), 0 error(s), 0 left on base; Nassau 5 - Orlando 4 |
TOP OF THE 6TH |
Nassau Rockets batting - Pitching for Orlando Calrissian : RHP Bernardo Hernández
|
Batting: RHB Pete Harvey
|
0-0: Ball 1-0: Called Strike 1-1: Fly out, F8 (Flyball, 8LXD)
|
Batting: LHB Rafael Delgado
|
0-0: Ball 1-0: Foul Ball, location: 2F 1-1: Ball 2-1: Ground out 1-3 (Groundball, 15S)
|
Batting: SHB Howard Parker
|
0-0: Ball 1-0: Ball 2-0: Swinging Strike 2-1: Foul Ball, location: 2F 2-2: Ball 3-2: DOUBLE (Line Drive, 8RXD)
|
Batting: RHB Francisco Rincón
|
0-0: Foul Ball, location: 2F 0-1: Ball 1-1: Swinging Strike 1-2: Foul Ball, location: 2F 1-2: Foul Ball, location: 2F 1-2: Foul Ball, location: 2F 1-2: Foul Ball, location: 2F 1-2: Ball 2-2: Foul Ball, location: 2F 2-2: Strikes out swinging
|
Top of the 6th over - 0 run(s), 1 hit(s), 0 error(s), 1 left on base; Nassau 5 - Orlando 4 |
BOTTOM OF THE 6TH |
Orlando Calrissian batting - Pitching for Nassau Rockets : RHP Colm Stewart
|
Pitching: RHP Nolan Baker
|
|
Batting: RHB Rich Anderson
|
0-0: Ball 1-0: Called Strike 1-1: Ball 2-1: Ground out 6-3 (Groundball, 6)
|
Batting: RHB Ernesto Acosta
|
0-0: Swinging Strike 0-1: Called Strike 0-2: Ball 1-2: Ball 2-2: DOUBLE (Flyball, 89D)
|
Batting: RHB Enrique Ramírez
|
0-0: Ball 1-0: Swinging Strike 1-1: Foul Ball, location: 2F 1-2: Fly out, F7 (Line Drive, 78S)
|
Batting: RHB Kenny Cole
|
0-0: Foul Ball, location: 2F 0-1: Ball 1-1: Ball 2-1: SINGLE (Line Drive, 6MD) Ernesto Acosta to third Runner from 3rd tries for Home, SAFE, no throw or cutoff
|
Batting: RHB Enrique Bermúdez
|
0-0: Ball 1-0: Fielders Choice at 2nd, 5-4 (Groundball, 56)
|
Bottom of the 6th over - 1 run(s), 2 hit(s), 0 error(s), 0 left on base; Nassau 5 - Orlando 5 |
TOP OF THE 7TH |
Nassau Rockets batting - Pitching for Orlando Calrissian : RHP Bernardo Hernández
|
Pitching: LHP Richard Dorris
|
|
Batting: LHB Andrew Alvarado
|
0-0: Ball 1-0: Fly out, F7 (Flyball, 7D)
|
Batting: LHB Doug Thompson
|
0-0: Ball 1-0: Foul Ball, location: 2F 1-1: Called Strike 1-2: Ball 2-2: Ground out 6-3 (Groundball, 6M)
|
Pitching: LHP José Ramírez
|
|
Batting: LHB Don Ramey
|
0-0: Swinging Strike 0-1: SINGLE (Line Drive, 89S)
|
Batting: RHB José Hernández
|
0-0: Ball 1-0: Foul Ball, location: 2F 1-1: Ball 2-1: DOUBLE (Groundball, 5L) Don Ramey to third Runner from 3rd tries for Home, SAFE, no throw or cutoff
|
Batting: RHB Yaichiro Sugahara
|
0-0: Called Strike 0-1: Ball 1-1: Ball 2-1: Called Strike 2-2: SINGLE (Flyball, 7LS) José Hernández to third Runner from 3rd tries for Home, SAFE, no throw or cutoff
|
Pitching: RHP Tony Guerrero
|
|
Batting: RHB Pete Harvey
|
0-0: Called Strike 0-1: SINGLE (Line Drive, 56D) Yaichiro Sugahara to second
|
Pinch Hitting: LHB Phil Smith
|
0-0: Ball 1-0: Called Strike 1-1: Fly out, F7 (Flyball, 7M)
|
Top of the 7th over - 2 run(s), 4 hit(s), 0 error(s), 2 left on base; Nassau 7 - Orlando 5 |
BOTTOM OF THE 7TH |
Orlando Calrissian batting - Pitching for Nassau Rockets : RHP Nolan Baker
|
Now in CF: Phil Smith
|
|
Batting: RHB Robby Lewis
|
0-0: Ball 1-0: Foul Ball, location: 2F 1-1: Ground out 2-3 (Groundball, 2R)
|
Batting: LHB Danny Allen
|
0-0: Called Strike 0-1: Ground out 5-3 (Groundball, 15S)
|
Batting: RHB Frederico Hernández
|
0-0: Foul Ball, location: 2F 0-1: Ball 1-1: Swinging Strike 1-2: Foul Ball, location: 2F 1-2: Foul Ball, location: 2F 1-2: Foul Ball, location: 2F 1-2: Foul Ball, location: 2F 1-2: Ball 2-2: Fly out, F2 (Popup, 2LF)
|
Bottom of the 7th over - 0 run(s), 0 hit(s), 0 error(s), 0 left on base; Nassau 7 - Orlando 5 |
TOP OF THE 8TH |
Nassau Rockets batting - Pitching for Orlando Calrissian : RHP Tony Guerrero
|
Batting: SHB Howard Parker
|
0-0: Swinging Strike 0-1: Ball 1-1: Ball 2-1: Foul Ball, location: 2F 2-2: Foul Ball, location: 2F 2-2: Foul Ball, location: 2F 2-2: Foul Ball, location: 2F 2-2: Fly out, F6 (Popup, 4MD)
|
Batting: RHB Francisco Rincón
|
0-0: Ball 1-0: Ball 2-0: Ball 3-0: Called Strike 3-1: Base on Balls
|
Batting: LHB Andrew Alvarado
|
0-0: Called Strike 0-1: Fly out, F6 (Popup, 6MD)
|
Batting: LHB Doug Thompson
|
0-0: Fly out, F5 (Popup, 15)
|
Top of the 8th over - 0 run(s), 0 hit(s), 0 error(s), 1 left on base; Nassau 7 - Orlando 5 |
BOTTOM OF THE 8TH |
Orlando Calrissian batting - Pitching for Nassau Rockets : RHP Nolan Baker
|
Pitching: RHP Juan Franco
|
|
Batting: LHB Santiago Márquez
|
0-0: Ball 1-0: Ball 2-0: Foul Ball, location: 2F 2-1: SINGLE (Flyball, 89S)
|
Batting: RHB Rich Anderson
|
0-0: Ball 1-0: Ball 2-0: Ball 3-0: Base on Balls Santiago Márquez to second
|
Batting: RHB Ernesto Acosta
|
0-0: Foul Ball, location: 2F 0-1: Grounds into double play, 5-4-3 (Groundball, 5) Santiago Márquez to third
|
Batting: RHB Enrique Ramírez
|
0-0: Fly out, F9 (Line Drive, 9D)
|
Bottom of the 8th over - 0 run(s), 1 hit(s), 0 error(s), 1 left on base; Nassau 7 - Orlando 5 |
TOP OF THE 9TH |
Nassau Rockets batting - Pitching for Orlando Calrissian : RHP Tony Guerrero
|
Batting: LHB Don Ramey
|
0-0: DOUBLE (Line Drive, 78S)
|
Batting: RHB José Hernández
|
0-0: Intentional Walk
|
Pinch Hitting: SHB Chris Bennis
|
0-0: Called Strike 0-1: Swinging Strike 0-2: Ball 1-2: Foul Ball, location: 2F 1-2: Strikes out swinging
|
Pinch Hitting: LHB Felipe Cruz
|
0-0: Ground out U3 (Groundball, 3S) Don Ramey to third José Hernández to second
|
Batting: LHB Phil Smith
|
0-0: Fly out, F8 (Flyball, 8LD)
|
Top of the 9th over - 0 run(s), 1 hit(s), 0 error(s), 2 left on base; Nassau 7 - Orlando 5 |
BOTTOM OF THE 9TH |
Orlando Calrissian batting - Pitching for Nassau Rockets : RHP Juan Franco
|
Pitching: RHP José García
|
|
Now at C: Victor Antelo
|
|
Now at SS: Felipe Cruz
|
|
Batting: RHB Kenny Cole
|
0-0: Foul Ball, location: 2F 0-1: Ground out 5-3 (Groundball, 5S)
|
Batting: RHB Enrique Bermúdez
|
0-0: Foul Ball, location: 2F 0-1: Called Strike 0-2: Strikes out looking
|
Batting: RHB Robby Lewis
|
0-0: Ground out 5-3 (Groundball, 56)
|
Bottom of the 9th over - 0 run(s), 0 hit(s), 0 error(s), 0 left on base; Nassau 7 - Orlando 5 |
|